[Event "Hungarian Youth-ch U14 2022"]
[Site "Eger"]
[Date "2022.07.25"]
[Round "3.7"]
[White "Karacsonyi, Luca"]
[Black "Kovacs, Reka"]
[Result "0-1"]
[ECO "C50"]
[WhiteElo "1789"]
[BlackElo "1716"]
[Annotator "NA RC COMBH"]
[PlyCount "106"]
[EventDate "2022.07.21"]
[EventType "tourn"]
[EventCountry "HUN"]
[SourceTitle "playchess.com"]
[Source "ChessBase"]
[SourceQuality "1"]
[TimeControl "40/5400+30:1800+30"]

1. e4 e5 2. Nf3 Nc6 3. Bc4 Nf6 4. d3 Bc5 5. c3 a6 6. Nbd2 d6 7. Bb3 Ba7 8. h3 Be6 9. Bc2 h6 10. Nf1 d5 11. exd5 Nxd5 12. Qe2 Qd6 13. Ng3 O-O-O 14. Bd2 Rhe8 15. O-O-O f5 16. Nh5 Re7 17. Ba4 b5 18. Bb3 Nf4 19. Bxe6+ Nxe6 20. Be3 Nf4 21. Bxf4 exf4 22. Qd2 Rde8 23. Rhe1 g5 24. g4 fxg4 25. hxg4 Kb7 26. d4 b4 27. Kb1 bxc3 28. bxc3 Qg6+ 29. Ka1 Qd6 30. Rb1+ Bb6 31. Ng7 Rxe1 32. Rxe1 Rxe1+ 33. Qxe1 Nxd4 34. Ne8 Nc2+ 35. Kb1 Nxe1 36. Nxd6+ cxd6 37. Nxe1 Bxf2 38. Nf3 Kc6 39. Kc2 Kd5 40. Kd3 Bb6 41. a4 Ke6 42. Kc4 d5+ 43. Kb4 Kd6 44. Kb3 Bc5 45. Kc2 Ke6 46. Kd2 Kf6 47. Kd3 h5 48. gxh5 g4 49. Nh2 g3 50. Ng4+ Kg5 51. h6 g2 52. h7 g1=Q 53. h8=Q Qd1# 0-1

[Event "Hungarian Youth-ch U14 2022"]
[Site "Eger"]
[Date "2022.07.25"]
[Round "3.8"]
[White "Horvath, Greta"]
[Black "Toth, Timea"]
[Result "1-0"]
[ECO "B35"]
[WhiteElo "1346"]
[BlackElo "1964"]
[Annotator "TA"]
[PlyCount "106"]
[EventDate "2022.07.21"]
[EventType "tourn"]
[EventCountry "HUN"]
[SourceTitle "playchess.com"]
[Source "ChessBase"]
[SourceQuality "1"]
[TimeControl "40/5400+30:1800+30"]

1. e4 c5 2. Nf3 Nc6 3. d4 cxd4 4. Nxd4 g6 5. Nc3 Bg7 6. Be3 Nf6 7. Bc4 O-O 8. Bb3 d6 9. f3 Bd7 10. Qd2 Nxd4 11. Bxd4 Bc6 {[%emt 0:00:53] B77: Sicilian Dragon: Yugoslav Attack, 9 Bc4 sidelines.} (11... b5 $11 {remains equal.}) 12. O-O {[%emt 0:10:28] White is more active.} ({White should play} 12. h4 $16) 12... Nd7 13. Be3 {[%emt 0:06:47] [#]} Nc5 $146 {[%emt 0:21:14] The position is equal.} ({Predecessor:} 13... a5 14. a4 Nc5 15. Kh1 Qb6 16. Qf2 Rac8 17. Rad1 Qa6 18. Bd4 Bxd4 19. Qxd4 b5 20. axb5 Bxb5 {0-1 (46) Munoz Pantoja,M (2482)-Iturrizaga Bonelli,E (2603) Badalona 2011}) 14. Bc4 Rc8 15. Bd4 (15. Rad1 $11) 15... Bxd4+ (15... Qb6 $5 16. Ne2 Bxe4 17. fxe4 Nxe4 $15) 16. Qxd4 Qb6 17. b3 Nd7 18. Qf2 Qxf2+ 19. Rxf2 Nb6 20. Bd3 a6 21. Nd1 Nd7 22. c4 Rc7 23. b4 b6 24. Rc2 Rfc8 25. Nb2 Bb7 26. Rac1 Ne5 27. a3 a5 28. b5 e6 (28... f5 $11 29. exf5 Nxd3 30. Nxd3 gxf5) 29. Be2 Nd7 30. Rd1 d5 31. exd5 Bxd5 {[%emt 0:01:32] [#] A mistake that costs the game.} 32. Rcd2 $18 Bxc4 (32... Nf6 33. Na4 (33. cxd5 Nxd5 34. Na4 Rc1 $18) 33... Kg7 34. cxd5 Nxd5 35. Rxd5 exd5 36. Nxb6 Rb8) 33. Nxc4 {[%emt 0:00:33] White is clearly winning.} Nf6 34. Rd8+ Rxd8 35. Rxd8+ Kg7 36. Nxb6 Rb7 37. Na4 Nd5 38. b6 Nxb6 39. Nxb6 Rxb6 {[%emt 0:00:00][%mdl 4096] Endgame KRB-KR} 40. Ra8 a4 41. Rxa4 Rb3 42. Ra8 Kf6 43. a4 Ra3 44. a5 Ke7 45. a6 Kd6 46. Ra7 f5 47. Rxh7 g5 48. Rg7 g4 49. fxg4 f4 50. Bf3 Rxa6 51. g5 {[%emt 0:00:48] [#] Strongly threatening h4.} Ke5 52. h4 {[%emt 0:01:49][%cal Bh2h4,Bh4h5][%mdl 32] Intending h5 and mate.} Kf5 53. h5 {[%emt 0:04:00] h6 would kill now.} Ra8 {[%emt 0:00:17] Weighted Error Value: White=0.20 (precise) /Black=0.37} 1-0

[Event "Hungarian Youth-ch U14 2022"]
[Site "Eger"]
[Date "2022.07.25"]
[Round "3.9"]
[White "Beznicza, Mira"]
[Black "Balazs, Sztella Anna"]
[Result "1-0"]
[ECO "C60"]
[WhiteElo "1608"]
[BlackElo "1663"]
[Annotator "NA RC COMBH"]
[PlyCount "89"]
[EventDate "2022.07.21"]
[EventType "tourn"]
[EventCountry "HUN"]
[SourceTitle "playchess.com"]
[Source "ChessBase"]
[SourceQuality "1"]
[TimeControl "40/5400+30:1800+30"]

1. e4 e5 2. Nf3 Nc6 3. Bb5 g6 4. d4 exd4 5. Nxd4 Bg7 6. Nxc6 bxc6 7. Bc4 h6 8. Qf3 Nf6 9. Nc3 O-O 10. O-O Bb7 11. e5 Nh7 12. Qd3 d5 13. exd6 cxd6 14. Rd1 Qa5 15. Bd2 Qh5 16. Ne2 d5 17. Bb3 a5 18. Ng3 Qg4 19. h3 Qh4 20. c3 f5 21. f4 Ba6 22. Qe3 Rfe8 23. Qf3 Bb7 24. Re1 Qf6 25. Be3 a4 26. Bc2 Qd6 27. Bd4 Bxd4+ 28. cxd4 Rxe1+ 29. Rxe1 Nf6 30. Bxf5 gxf5 31. Nxf5 Qf8 32. Qg3+ Kh8 33. Re7 Bc8 34. Nh4 Nh5 35. Ng6+ Kg8 36. Nxf8+ Nxg3 37. Ng6 Bf5 38. Ne5 Ne2+ 39. Kf2 Nxd4 40. g4 Bb1 41. f5 Bxa2 42. f6 Rd8 43. Rg7+ Kf8 44. Ng6+ Ke8 45. Re7# 1-0

[Event "Hungarian Youth-ch U14 2022"]
[Site "Eger"]
[Date "2022.07.25"]
[Round "3.10"]
[White "Eros, Vivien"]
[Black "Szarvas, Nora Orsolya"]
[Result "0-1"]
[ECO "B22"]
[WhiteElo "1599"]
[BlackElo "1692"]
[Annotator "NA RC COMBH"]
[PlyCount "102"]
[EventDate "2022.07.21"]
[EventType "tourn"]
[EventCountry "HUN"]
[SourceTitle "playchess.com"]
[Source "ChessBase"]
[SourceQuality "1"]
[TimeControl "40/5400+30:1800+30"]

1. e4 c5 2. c3 Nf6 3. e5 Nd5 4. Nf3 Nc6 5. Bc4 Nb6 6. Bb3 e6 7. d4 cxd4 8. cxd4 d6 9. exd6 Bxd6 10. Nc3 O-O 11. O-O Be7 12. Bc2 Nb4 13. Bb1 N4d5 14. Nxd5 Qxd5 15. Qd3 g6 16. Re1 Bf6 17. Bh6 Rd8 18. Re4 Qh5 19. Qd2 Nc4 20. Qf4 Be7 21. b3 e5 22. Qc1 Ba3 23. Qxc4 Qxh6 24. Bd3 Be6 25. Qc2 Rac8 26. Qd1 Bb2 27. Rb1 Bxd4 28. Qe2 Bf5 29. Rh4 Bxd3 30. Qxd3 Qxh4 31. Nxh4 Bxf2+ 32. Kxf2 Rxd3 33. Rb2 e4 34. Re2 f5 35. g3 Rcd8 36. Ng2 Rd2 37. Nf4 Rxe2+ 38. Kxe2 Kf7 39. Ke3 Kf6 40. h4 Rd6 41. Ke2 g5 42. Nh3 h6 43. h5 Ra6 44. a4 Rb6 45. Nf2 Rxb3 46. g4 Ra3 47. a5 Rxa5 48. Ke3 Ra3+ 49. Ke2 Ra2+ 50. Ke1 Rxf2 51. Kxf2 a5 0-1

[Event "Hungarian Youth-ch U14 2022"]
[Site "Eger"]
[Date "2022.07.26"]
[Round "4.1"]
[White "Szegedy, Matyas"]
[Black "Matyassy, Lazar"]
[Result "0-1"]
[ECO "B67"]
[WhiteElo "2152"]
[BlackElo "2132"]
[Annotator "TA"]
[PlyCount "70"]
[EventDate "2022.07.21"]
[EventType "tourn"]
[EventCountry "HUN"]
[SourceTitle "playchess.com"]
[Source "ChessBase"]
[SourceQuality "1"]
[TimeControl "40/5400+30:1800+30"]

1. e4 c5 2. Nf3 d6 3. d4 cxd4 4. Nxd4 Nf6 5. Nc3 Nc6 6. Bg5 e6 7. Qd2 a6 8. O-O-O Bd7 9. f4 b5 10. Bxf6 gxf6 11. Kb1 Qb6 12. Nce2 h5 13. h4 {[%emt 0:04:06] 13.g3 is not played anymore. B67: Sicilian: Richter-Rauzer: 7...a6 8 0-0-0 Bd7, lines without 9 f4 Be7.} b4 {[%emt 0:16:08] [#]} 14. g3 $146 ({Predecessor:} 14. Rh3 a5 15. Re3 a4 16. Nxc6 Bxc6 17. Nd4 Bd7 18. Bc4 Bg7 19. Ne2 Rc8 20. b3 {½-½ (45) Saric,I (2646)-Li,C (2683) Chess.com INT 2020}) 14... Na5 15. Ng1 {[%emt 0:14:39] The position is equal.} Nb7 16. Bg2 O-O-O 17. Bf3 Nc5 18. Nge2 Kb8 19. c3 e5 20. Nc2 b3 21. Na3 (21. axb3 $11 Qxb3 22. Nb4) 21... bxa2+ $19 22. Kxa2 {[%emt 0:00:02] [#]} Be6+ $1 23. Kb1 f5 $36 {[%emt 0:00:23][%cal Bf6f5,Bf5e4][%mdl 2080] Black is on the roll.} ({Not} 23... Qb3 24. Nc1 Qb7 25. Qe3 $17) 24. c4 $2 {[%emt 0:02:15][%mdl 8192] This costs White the game.} (24. exf5 $17 {is more resistant.} Bxf5+ 25. Ka2) 24... fxe4 25. Bg2 Bg7 {[%emt 0:03:51] ...exf4 is the strong threat.} 26. f5 Bxf5 {[%emt 0:01:19] [#] Threatens to win with ...e3+.} 27. Nc2 (27. Qc2 $142) 27... Nd3 {[%emt 0:01:58][%csl Gd3][%cal Rb6b2] Black is clearly winning.} 28. Qc3 d5 29. Rhf1 d4 30. Qa3 Bg6 31. Bxe4 Bxe4 32. Rxd3 Bxd3 33. Qxd3 e4 34. Qxe4 d3 35. Qf4+ Rd6 {[%emt 0:00:13] Weighted Error Value: White=1.09/Black=0.14 (very precise)} 0-1

[Event "Hungarian Youth-ch U14 2022"]
[Site "Eger"]
[Date "2022.07.26"]
[Round "4.2"]
[White "Csernyik, Mark"]
[Black "Turcsanyi, Vince Gergo"]
[Result "1/2-1/2"]
[ECO "C44"]
[WhiteElo "2022"]
[BlackElo "2117"]
[Annotator "TA"]
[PlyCount "137"]
[EventDate "2022.07.21"]
[EventType "tourn"]
[EventCountry "HUN"]
[SourceTitle "playchess.com"]
[Source "ChessBase"]
[SourceQuality "1"]
[TimeControl "40/5400+30:1800+30"]

1. e4 e5 2. Nf3 Nc6 3. d4 exd4 4. Bb5 a6 5. Ba4 Bb4+ 6. c3 {[%emt 0:00:36] C44: Ponziani Opening and Scotch Gambit.} dxc3 7. O-O Nge7 8. a3 Ba5 9. b4 Bb6 10. Nxc3 O-O 11. Bb2 (11. Nd5 $11) 11... d6 $15 12. Nd5 Nxd5 {[%emt 0:03:11] [#]} 13. exd5 $146 ({Predecessor:} 13. Qxd5 Bg4 14. Nd2 Be6 15. Qd3 Ne5 16. Qg3 Qf6 17. Kh1 Qh6 18. f4 Nc4 19. Nxc4 Bxc4 20. Rfd1 c6 21. Rxd6 f6 22. Rad1 Bc7 {0-1 (22) Duarte,T-Veloso,P (2035) Sao Paulo 1995}) 13... Ne7 14. Qd2 Ng6 15. Bc2 Bg4 {[%emt 0:07:40] Strongly threatening ...Bxf3.} 16. Nd4 (16. Qc3 $15 f6 17. h3 Bxf3 18. Qxf3) 16... Qh4 (16... Qf6 $142 $1 17. Rae1 Bd7) 17. Rae1 $17 Qh5 18. h3 Bd7 19. Bxg6 ({Better is} 19. Qc3 $15 Rfe8 20. a4) 19... Qxg6 20. Re3 Qh5 (20... Qg5 $17 21. Qc3 f6) 21. Rg3 (21. Re7 $11 Bb5 22. Nxb5 axb5 23. Rfe1) 21... f6 $15 22. Ne6 Bxe6 23. dxe6 Rae8 24. Re1 Qf5 {[%emt 0:02:56] Prevents Qf4.} 25. Rf3 $1 (25. e7 $2 Rf7 26. Bd4 (26. Rf3 $2 Qd7 $19) 26... Bxd4 27. Qxd4 Rfxe7 28. Rxe7 Rxe7 $19) 25... Qh5 26. Rg3 (26. e7 Rf7 27. Qd1 (27. g4 $2 Qb5 $19) 27... Kh8 $17) 26... Kh8 27. a4 a5 (27... Re7 $15) 28. b5 $40 {[%emt 0:00:52][%mdl 128] White has some attack.} (28. e7 Rf7 29. Qf4 (29. bxa5 $2 Bxa5 30. Bc3 Bxc3 $19) 29... axb4 $15) 28... Re7 29. Bc3 Ra8 30. Qf4 {[%emt 0:06:04][%cal Oc3f6] aiming for Bxf6!} Rf8 31. h4 (31. Bd4 $11) 31... d5 (31... Qd5 $17 32. Qg4 h5) 32. Bb2 {[%emt 0:00:58] And now Ba3 would win.} c6 $2 (32... Bc5 $15) 33. Ba3 $1 $18 Bc7 34. Qg4 (34. Qd2 $1 $18) 34... Qxg4 $16 35. Rxg4 Rfe8 36. Bxe7 {[%emt 0:00:15] White is more active.} Rxe7 {[%emt 0:00:00][%mdl 4096] Endgame KRR-KRB} 37. f4 (37. h5 $16) 37... h5 $11 38. Rg3 {[%emt 0:00:36] Black must now prevent bxc6.} Bxf4 39. Rb3 {[%emt 0:01:36] [#]} (39. Rf3 $11 {remains equal.} Be5 40. bxc6 bxc6 41. Kf1) 39... c5 $1 $17 40. b6 (40. g3 $17 c4 41. Rbb1) 40... Bd2 41. Rd1 c4 42. Rb5 (42. Rxd2 $17 cxb3 43. Rxd5) 42... c3 $19 43. Rxd5 Rxe6 {[%emt 0:01:19] Hoping for ...Be3+.} 44. R1xd2 cxd2 45. Rxd2 Rxb6 {[%emt 0:00:12] KR-KR} 46. Rd5 {[%emt 0:00:05] [#]} g6 ({Black should try} 46... Rb1+ $1 $19 47. Kf2 b6 48. Rxh5+ Kg8) 47. Rxa5 $15 Ra6 48. Rb5 Rxa4 49. Rb6 Rc4 (49... Rg4 $17 {Threatens to win with ...Kg7.} 50. Kf2 Rxh4 51. Rxf6 Kg7) 50. g3 Rc7 ({Black should play} 50... Kg7 $15) 51. Rxf6 $11 Kg7 52. Rb6 {[%emt 0:00:09] The position is equal.} Kh7 53. Kf2 Rg7 54. Kf3 Kg8 55. Kf4 Rf7+ 56. Kg5 Kh7 57. g4 {[%emt 0:00:29] Against Rf5+} (57. Rxg6 Rg7 58. Rxg7+ Kxg7 59. Kf5 b5 60. Ke5 Kg6 61. Ke4 Kf6 62. Kf4 Kg7 63. Kf3 b4 64. Ke3 Kf6 65. Ke4 b3 66. Kd3 Kf5 67. Kc3 Kg4 68. Kxb3 Kxg3 69. Kc4 Kxh4 70. Kd3 Kg3 71. Kc4 Kf3 72. Kd5 h4 73. Ke6 h3 74. Kd7 Ke4 75. Ke6 h2 76. Ke7 h1=Q 77. Kf6 Qa1+ 78. Kf7 Qe5 79. Kf8 Kf5 80. Kg8 Qc7 81. Kh8 Kg6 82. Kg8 Qg7#) 57... hxg4 58. Kxg4 Rc7 59. Kg5 $1 Rc5+ 60. Kg4 Rc7 61. Kg5 Rd7 62. Rb5 (62. Rxg6 {is a self mate.} Rd5+ 63. Kf6 Rd6+ 64. Ke5 Rxg6 65. h5 Rc6 66. Kd5 Rc8 67. Ke5 b5 68. Kd5 b4 69. Ke6 b3 70. Kd7 Rc3 71. Ke7 b2 72. Kf6 Re3 73. Kf5 b1=Q+ 74. Kf6 Qf1+ 75. Kg5 Rg3+ 76. Kh4 Qh3#) 62... Re7 63. Kf6 Rc7 64. Kg5 Rd7 65. Rb6 Rd5+ 66. Kg4 Rd4+ 67. Kg5 Rd7 68. Rb5 (68. Rxg6 {gets mated.} Rd5+ 69. Kf6 Rd6+ 70. Ke5 Rxg6 71. h5 Rc6 72. Kd5 Rc8 73. Ke6 b5 74. h6 b4 75. Kd7 Rc1 76. Ke7 b3 77. Kf6 b2 78. Ke5 b1=Q 79. Kd4 Kxh6 80. Ke5 Qd3 81. Kf6 Re1 82. Kf7 Qf5+ 83. Kg8 Re8#) 68... Rc7 69. Rb6 {[%emt 0:00:23] Black had all chances to win.  Weighted Error Value: White=0.28 (precise) /Black=0.30} 1/2-1/2

[Event "Hungarian Youth-ch U14 2022"]
[Site "Eger"]
[Date "2022.07.26"]
[Round "4.3"]
[White "Giang, Tran Nam"]
[Black "Szakmary, Domonkos"]
[Result "1-0"]
[ECO "B02"]
[WhiteElo "2144"]
[BlackElo "1967"]
[Annotator "TA"]
[PlyCount "101"]
[EventDate "2022.07.21"]
[EventType "tourn"]
[EventCountry "HUN"]
[SourceTitle "playchess.com"]
[Source "ChessBase"]
[SourceQuality "1"]
[TimeControl "40/5400+30:1800+30"]

1. e4 Nf6 2. e5 Nd5 3. Nc3 Nxc3 4. bxc3 d6 5. f4 g6 6. d4 Bg7 7. Nf3 O-O 8. Bd3 c5 9. O-O dxe5 10. fxe5 Nc6 {[%emt 0:00:03][%cal Rc5d4] B02: Alekhine's Defence: Chase Variation and lines with early Nc3.} 11. Be3 Bg4 12. Be2 Qa5 {[%emt 0:03:55] Black is slightly better.} 13. Rb1 {[%emt 0:16:10] [#]} Rad8 $146 ({Predecessor:} 13... Qxc3 14. Rb3 Qa5 15. Rb5 Qa3 16. Bc1 Qxa2 17. Rxc5 Rad8 18. d5 Bxf3 19. Rxf3 Qa1 {0-1 (30) Heinemann,T (2390)-Burkart,P (2285) Germany 1993}) 14. Qe1 b6 15. Qh4 Bxf3 16. Bxf3 cxd4 17. cxd4 Qa4 (17... Qc3 $5 18. Rb3 Qxc2 $11) 18. Bxc6 Qxc6 19. Qxe7 Rd7 20. Qa3 Qxc2 21. Rb2 Qe4 22. Rbf2 Qd5 23. Rc1 Rfd8 (23... f6 $11) 24. h3 Qb7 25. Rfc2 (25. Qb3 $14) 25... Bf8 (25... Qe4 $11 26. Rf2 a5) 26. Qb3 $36 {[%mdl 2048] White has some pressure.} Qd5 {White now steadily converts the win.} (26... Qe4 $14) 27. Qxd5 $18 Rxd5 28. Rc7 R8d7 29. Rxd7 Rxd7 {[%emt 0:00:04][%mdl 4096] Endgame KRB-KRB} 30. Rc8 {[%emt 0:00:42] Bh6 would kill now.} Kg7 {[%emt 0:02:35] Against Bh6+} 31. Kf2 Be7 32. Kf3 f6 {[%emt 0:01:24] [#]} 33. Ke4 Kf7 {[#]} 34. Rc6 $1 fxe5 35. dxe5 {[%emt 0:00:37] e6+ is the strong threat.} ({Not} 35. Kxe5 Bh4 $14) 35... Ke8 36. Bd4 Kd8 37. e6 Rd6 (37... Rb7 38. Be5 Bg5) 38. Rxd6+ Bxd6 {[%emt 0:00:05] KB-KB} 39. Kd5 Be7 40. Be5 Bc5 41. Bd6 Bf2 42. Kc6 Be3 43. a4 Bf2 44. Bb8 Ke7 45. Bxa7 {[%emt 0:03:40] White mates.} Kxe6 46. Bxb6 Be1 47. a5 Bxa5 48. Bxa5 Kf5 49. Kd5 h5 50. Bc7 h4 51. g4+ {[%emt 0:00:52] Weighted Error Value: White=0.18 (very precise) /Black=0.35} 1-0

[Event "Hungarian Youth-ch U14 2022"]
[Site "Eger"]
[Date "2022.07.26"]
[Round "4.4"]
[White "Bodrogi, Bendeguz"]
[Black "Kolimar, Kristof Pal"]
[Result "1/2-1/2"]
[ECO "A06"]
[WhiteElo "2170"]
[BlackElo "2160"]
[Annotator "TA"]
[PlyCount "41"]
[EventDate "2022.07.21"]
[EventType "tourn"]
[EventCountry "HUN"]
[SourceTitle "playchess.com"]
[Source "ChessBase"]
[SourceQuality "1"]
[TimeControl "40/5400+30:1800+30"]

1. g3 d5 2. Nf3 Nf6 3. Bg2 e6 4. O-O Be7 5. c4 O-O 6. d4 dxc4 7. Qc2 a6 8. a4 Bd7 9. Qxc4 Bc6 10. Bf4 Nbd7 11. Nc3 {[%emt 0:00:35] The position is equal. 11.Qc1 is the modern continuation.} Bd6 {[%emt 0:06:13] E05: Open Catalan: 5 Nf3 Be7.} 12. Bxd6 cxd6 13. Qb4 Nb6 {[%emt 0:12:43] [#]} 14. Rfe1 $146 ({Predecessor:} 14. Nd2 Nfd5 15. Qb3 a5 16. Nxd5 Nxd5 17. e4 Nb4 18. d5 {½-½ (18) Debonis,P (1993)-Faust,D (1933) FICGS email 2020}) 14... Nbd5 15. Qb3 Rc8 16. Nd2 Nxc3 (16... a5 {feels hotter.} 17. e4 Nb4 18. Na2 Nxa2 19. Rxa2 d5) 17. bxc3 Bxg2 18. Kxg2 b5 19. axb5 axb5 20. Qxb5 Rxc3 21. Nf3 {[%emt 0:00:05] Not much happened in this game.  Weighted Error Value: White=0.04 (flawless) /Black=0.03 (flawless)} 1/2-1/2

[Event "Hungarian Youth-ch U14 2022"]
[Site "Eger"]
[Date "2022.07.26"]
[Round "4.5"]
[White "Megyaszai, Balazs"]
[Black "Gergely, Daniel"]
[Result "1/2-1/2"]
[ECO "B36"]
[WhiteElo "1919"]
[BlackElo "2053"]
[Annotator "RC"]
[PlyCount "64"]
[EventDate "2022.07.21"]
[EventType "tourn"]
[EventCountry "HUN"]
[SourceTitle "playchess.com"]
[Source "ChessBase"]
[SourceQuality "1"]
[TimeControl "40/5400+30:1800+30"]

1. e4 c5 2. Nf3 Nc6 3. d4 cxd4 4. Nxd4 g6 5. c4 Nf6 6. Nc3 d6 7. Be2 Nxd4 8. Qxd4 Bg7 9. Be3 O-O 10. Qd2 Be6 11. Rc1 Qa5 12. f3 Rfc8 13. b3 a6 14. Na4 Qxd2+ 15. Kxd2 Nd7 16. g4 f5 17. exf5 gxf5 18. h3 Rf8 19. Nc3 f4 20. Bf2 Bf7 21. Rhd1 Nf6 22. Ke1 Rfc8 23. Na4 Nd7 24. Bd3 e6 25. Kf1 Rc6 26. Be4 d5 27. cxd5 exd5 28. Bf5 Ne5 29. Kg2 Bf6 30. Nc5 b5 31. Nd7 Bg7 32. Nb6 Rxc1 1/2-1/2

[Event "Hungarian Youth-ch U14 2022"]
[Site "Eger"]
[Date "2022.07.26"]
[Round "4.6"]
[White "Lazsadi, Kerka Lilla"]
[Black "Szarvas, Nora Orsolya"]
[Result "1-0"]
[ECO "D85"]
[WhiteElo "1674"]
[BlackElo "1692"]
[Annotator "NA RC COMBH"]
[PlyCount "89"]
[EventDate "2022.07.21"]
[EventType "tourn"]
[EventCountry "HUN"]
[SourceTitle "playchess.com"]
[Source "ChessBase"]
[SourceQuality "1"]
[TimeControl "40/5400+30:1800+30"]

1. d4 Nf6 2. c4 g6 3. Nc3 d5 4. cxd5 Nxd5 5. Bd2 Bg7 6. e4 Nxc3 7. Bxc3 O-O 8. Nf3 c5 9. d5 Bg4 10. Be2 Nd7 11. Bxg7 Kxg7 12. O-O Rc8 13. Rc1 Kg8 14. Nd2 Bxe2 15. Qxe2 Nb6 16. Nc4 Nxc4 17. Qxc4 Qd6 18. f4 Rfd8 19. Rcd1 b6 20. e5 Qc7 21. Qe4 f6 22. Rf3 Rf8 23. Rdd3 Rcd8 24. Rh3 fxe5 25. fxe5 Rf5 26. Rhe3 Rdf8 27. Rd1 Rf4 28. Qc2 R4f5 29. d6 exd6 30. exd6 Qd8 31. Qc4+ Kg7 32. Qe6 R5f7 33. d7 h6 34. h3 Rf6 35. Qe7+ R6f7 36. Qe5+ Kh7 37. Qd6 Rf6 38. Re7+ R6f7 39. Rxf7+ Rxf7 40. Qe6 Rf8 41. Rd6 Qg5 42. Rd1 c4 43. Qe8 Qc5+ 44. Kh1 Qh5 45. Qe7+ 1-0

[Event "Hungarian Youth-ch U14 2022"]
[Site "Eger"]
[Date "2022.07.26"]
[Round "4.7"]
[White "Balazs, Sztella Anna"]
[Black "Eros, Vivien"]
[Result "1-0"]
[ECO "B36"]
[WhiteElo "1663"]
[BlackElo "1599"]
[Annotator "NA RC COMBH"]
[PlyCount "147"]
[EventDate "2022.07.21"]
[EventType "tourn"]
[EventCountry "HUN"]
[SourceTitle "playchess.com"]
[Source "ChessBase"]
[SourceQuality "1"]
[TimeControl "40/5400+30:1800+30"]

1. e4 c5 2. Nf3 Nc6 3. d4 cxd4 4. Nxd4 g6 5. c4 Nf6 6. Nc3 d6 7. Be2 Nxd4 8. Qxd4 Bg7 9. Be3 O-O 10. Qd2 a5 11. f3 a4 12. a3 Be6 13. O-O Qa5 14. Nd5 Qxd2 15. Nxe7+ Kh8 16. Bxd2 Rfe8 17. Nd5 Nxd5 18. cxd5 Bxd5 19. Bb4 Bb3 20. Bxd6 Bxb2 21. Rab1 Bd4+ 22. Kh1 Rad8 23. Bb5 Re6 24. Bc7 Rc8 25. Bf4 Rc5 26. Bxa4 Bxa4 27. Rb4 Bb5 28. Rfb1 Bd3 29. Rd1 Bc3 30. Rxb7 Bxe4 31. fxe4 Rxe4 32. Rxf7 Kg8 33. Rf8+ Kg7 34. Rf1 Rc6 35. Bg3 Bb2 36. R8f7+ Kg8 37. Ra7 Rec4 38. h4 Rc3 39. Be5 Rc1 40. Rg7+ Kh8 41. Bxb2 Rxf1+ 42. Kh2 Rc2 43. Rf7+ Rxb2 44. Rxf1 Ra2 45. Rf3 Kg7 46. Kh3 h6 47. g4 g5 48. h5 Rb2 49. Kg3 Ra2 50. Re3 Kf6 51. Kf3 Rh2 52. a4 Ra2 53. Re4 Ra3+ 54. Ke2 Ra2+ 55. Kd3 Ra3+ 56. Kc2 Rf3 57. Kb2 Rf2+ 58. Kb3 Rf3+ 59. Kb4 Rf1 60. a5 Rb1+ 61. Kc5 Ra1 62. Kb6 Rb1+ 63. Ka7 Rb3 64. a6 Rb2 65. Rc4 Ke5 66. Rc6 Kf4 67. Rxh6 Kxg4 68. Rb6 Rf2 69. h6 Rf7+ 70. Rb7 Rf8 71. h7 Rh8 72. Rc7 Kf5 73. Kb7 Kg6 74. a7 1-0

[Event "Hungarian Youth-ch U14 2022"]
[Site "Eger"]
[Date "2022.07.26"]
[Round "4.8"]
[White "Toth, Timea"]
[Black "Beznicza, Mira"]
[Result "0-1"]
[ECO "C03"]
[WhiteElo "1964"]
[BlackElo "1608"]
[Annotator "TA"]
[PlyCount "84"]
[EventDate "2022.07.21"]
[EventType "tourn"]
[EventCountry "HUN"]
[SourceTitle "playchess.com"]
[Source "ChessBase"]
[SourceQuality "1"]
[TimeControl "40/5400+30:1800+30"]

1. e4 e6 2. d4 d5 3. Nd2 h6 4. e5 c5 5. c3 cxd4 6. cxd4 {[%emt 0:10:16] [#] C03: French Tarrasch: Unusual Black 3rd moves.} a5 $146 (6... Qb6 $11) ({Predecessor:} 6... Qb6 7. Ndf3 Bd7 8. h3 Ne7 9. Bd3 Bb5 10. Ne2 Bxd3 11. Qxd3 Nec6 12. O-O Qa6 13. Qxa6 Nxa6 {½-½ (49) Velicka,P (2409)-Tratar,M (2487) Austria 2015}) 7. a3 Qb6 8. Ngf3 {[%emt 0:08:01] White is slightly better.} Nc6 9. Qb3 (9. Nb1 $14) 9... Qxb3 $15 10. Nxb3 a4 11. Nbd2 Bd7 (11... Na5 $15) 12. Rb1 g5 13. h3 f6 14. g3 (14. exf6 $11 {keeps the balance.} Nxf6 15. b4) 14... fxe5 15. Nxe5 Nxd4 16. Bd3 Ne7 17. b3 {[%emt 0:03:39] [#] Threatens to win with Bb2.} Bg7 ({Better is} 17... Nec6 $1 $17 18. Nxc6 Bxc6 19. Bg6+ Kd7) 18. Nxd7 Kxd7 19. bxa4 Ra7 20. O-O e5 (20... Kd6 $15) 21. f3 (21. Nb3 $1 $14 {stays ahead.}) 21... h5 (21... Rc8 $17 22. Bb2 Rxa4 23. Bxd4 Rxd4 24. Bb5+ (24. Rxb7+ Ke6 $15) 24... Kd6) 22. Re1 ({White should try} 22. Nb3 $14) 22... Rf8 (22... h4 $5 23. Bb2 Nec6 $15) 23. Kg2 Rc8 24. Bb5+ (24. Nb3 $11 Rc3 25. Nxd4 Rxd3 26. Nb3) 24... Nxb5 {[%emt 0:00:51] Black is more active.} 25. axb5 ({White must play} 25. Rxb5 $15 Rc2 26. Kg1) 25... Nf5 $19 ({Inferior is} 25... Rc2 26. Rb2 Rc8 27. Nb1 $17) 26. g4 hxg4 27. hxg4 {[%emt 0:00:02] [#]} Nd4 $36 {[%emt 0:00:28][%mdl 2048] Black is in control.} 28. b6 Ra6 29. Bb2 (29. Rd1 {keeps fighting.}) 29... Rc2 30. Bxd4 $2 (30. Red1) 30... Rxd2+ (30... exd4 $142 31. Red1 Rxa3) 31. Bf2 Rxa3 {[%emt 0:00:14] White must now prevent ...Raa2.} 32. Rbc1 Raa2 33. Rc7+ Kd8 $2 (33... Ke6 $19 34. Rxg7 Rxf2+ 35. Kg1 Rxf3 36. Rg6+ Rf6 37. Rxg5 e4) 34. Rf1 {[%emt 0:00:19][%mdl 8192] White does not recover from this.} (34. Kh1 $11 {and White has nothing to worry.}) 34... Bf8 {[%emt 0:00:19] ...Bd6 is the strong threat.} 35. Rxb7 Bc5 36. Rb8+ Kd7 37. Rb7+ Kd6 38. Rg7 Bxf2 39. Rxf2 Rxf2+ {[%emt 0:00:08] Black mates.} 40. Kg1 Rg2+ 41. Kh1 Rgb2 42. b7 Rb1# {Weighted Error Value: White=1.11/Black=0.49} 0-1

[Event "Hungarian Youth-ch U14 2022"]
[Site "Eger"]
[Date "2022.07.26"]
[Round "4.9"]
[White "Kovacs, Reka"]
[Black "Horvath, Greta"]
[Result "1/2-1/2"]
[ECO "C50"]
[WhiteElo "1716"]
[BlackElo "1346"]
[Annotator "NA RC COMBH"]
[PlyCount "70"]
[EventDate "2022.07.21"]
[EventType "tourn"]
[EventCountry "HUN"]
[SourceTitle "playchess.com"]
[Source "ChessBase"]
[SourceQuality "1"]
[TimeControl "40/5400+30:1800+30"]

1. e4 e5 2. Nf3 Nc6 3. Bc4 Nf6 4. d3 Bc5 5. c3 d6 6. O-O O-O 7. Nbd2 a6 8. Bb3 Ba7 9. Re1 h6 10. Nf1 Re8 11. Be3 Bxe3 12. Nxe3 Be6 13. Nc4 Bxc4 14. Bxc4 Na5 15. Bb3 Nxb3 16. Qxb3 b6 17. Rad1 Qd7 18. Qc2 Qc6 19. d4 exd4 20. Nxd4 Qd7 21. f3 Rad8 22. Nf5 Qb5 23. Qf2 Qc5 24. Rd4 Kh7 25. Qh4 Ng8 26. Kh1 g6 27. Ne3 Qe5 28. Nd5 Rc8 29. Nb4 c5 30. Rd5 Qe7 31. Qf2 cxb4 32. Qxb6 bxc3 33. bxc3 Rxc3 34. Rxd6 Ra8 35. Red1 Qc7 1/2-1/2